 Dungeon Crawl Stone Soup version 0.26.1-11-gd32895ea62 (webtiles) character file.

Game seed: 9468880964747981489

47 kodamatunes15 the Slasher (level 3, -12/30 HPs)
             Began as a Ghoul Gladiator on May 2, 2021.
             Killed by divine providence
             ... invoked by an orc priest
              (17 damage)
             ... on level 3 of the Dungeon.
             The game lasted 00:11:01 (2047 turns).

kodamatunes15 the Slasher (Ghoul Gladiator)         Turns: 2047, Time: 00:11:02

Health: -12/30     AC: 10    Str: 17    XL:     3   Next: 70%
Magic:  2/2        EV:  7    Int:  3    God:
Gold:   120        SH:  0    Dex: 11    Spells: 2/2 levels left

rFire    . . .     SeeInvis .   i - +0 short sword (flame)
rCold    + . .     Faith    .   (no shield)
rNeg     + + +     Spirit   .   o - +0 chain mail
rPois    ∞         Reflect  .   c - +0 helmet
rElec    .         Harm     .   (no cloak)
rCorr    .         Rampage  .   r - +0 pair of gloves
Will     .....                  (no boots)
Stlth    ..........             (no amulet)
HPRegen  0.00/turn              (no ring)
MPRegen  0.08/turn              (no ring)

@: no status effects
A: claws 1, cold resistance 1, negative energy resistance 3, inhibited
regeneration, torment resistance, unbreathing
a: no special abilities


You were on level 3 of the Dungeon.
You visited 1 branch of the dungeon, and saw 3 of its levels.

You collected 120 gold pieces.

Inventory:

Hand Weapons
 a - a +0 long sword
 i - a +0 short sword of flaming (weapon)
Missiles
 d - 3 throwing nets (quivered)
 e - 97 arrows
 f - 55 stones
 l - 6 boomerangs
Armour
 b - a +0 leather armour
 c - a +0 helmet (worn)
 o - a +0 chain mail (worn)
 r - a +0 pair of gloves (worn)
Jewellery
 m - an uncursed ring of positive energy {unknown}
Scrolls
 j - 2 scrolls of teleportation
 q - a scroll of noise {unknown}
Potions
 g - a potion of attraction
 h - a potion of brilliance {unknown}
 k - 2 potions of cancellation
 n - a potion of curing {unknown}
 p - a potion of heal wounds {unknown}


   Skills:
 + Level 2.4 Fighting
 + Level 0.3(2.0) Short Blades
 + Level 3.2 Long Blades
 + Level 1.9 Throwing
 + Level 0.6 Armour
 + Level 3.1 Dodging
 + Level 0.4 Stealth


You had 2 spell levels left.
You didn't know any spells.
Your spell library was empty.

Dungeon Overview and Level Annotations

Branches:
Dungeon (3/15)

Altars:
Ashenzari


Innate Abilities, Weirdness & Mutations

You thrive by killing the living.
You are immune to poison.
You have sharp fingernails.
Your flesh is cold resistant. (rC+)
You are immune to negative energy. (rN+++)
You do not regenerate when monsters are visible.
You are immune to unholy pain and torment.
You can survive without breathing.


Message History

* * * LOW HITPOINT WARNING * * *
The orc barely misses you.
Okay, then.
You hit the orc. You burn the orc.
You kill the orc!
You feel better. The orc priest completely misses you.
Things that are here:
a +0 hand axe; an orc corpse You hit the orc priest but do no damage.
The orc priest hits you but does no damage.
You hit the orc priest. You burn the orc priest.
The orc priest is lightly wounded.
The orc priest looks braver for a moment.
You barely miss the orc priest.
The orc priest is lightly wounded.
The orc priest calls down the wrath of Beogh upon you.
Beogh smites you!
Ouch! That really hurt!
You die...

#.#.# .# #.#.# .#
#########.#.# .# #.....).....#
.# #.###.###...##.# #########
#.###.###....... #.....#.##
#............#..
#.#.#....#####..##.##......)#
#.......Kooo@......##........
##.......b#####.######.....).#
#......>........#### ##....###
##.....#............##.†...#
#.†..########............####
#.#.## #.###.#..........
#.#.####### #. ###.........
#.#..$..... #. ##.....###
#.#..#####. ##..###


You could see an orc priest, 2 orcs, a bat and a kobold.

Vanquished Creatures
  A dart slug (D:1)
  A worm (D:3)
  2 leopard geckos
  3 orcs (D:3)
  5 bats (D:1)
  A giant cockroach (D:2)
  3 goblins
  8 hobgoblins
  4 kobolds
  3 frilled lizards
  2 rats (D:3)
33 creatures vanquished.

Notes
Turn   | Place    | Note
-------+----------+-------------------------------------------
     0 | D:1      | kodamatunes15 the Ghoul Gladiator began the quest for the
                  | Orb.
     0 | D:1      | Reached XP level 1. HP: 17/17 MP: 0/0
   285 | D:1      | Reached XP level 2. HP: 19/24 MP: 1/1
  1150 | D:2      | Reached XP level 3. HP: 29/29 MP: 2/2
  1215 | D:2      | Found a broken altar of Ashenzari.
  2047 | D:3      | Killed from afar by an orc priest

Illustrated notes

Levels and vault maps discovered:
D:1:      eino_arrival_druids_welcome, layout_basic
D:2:      layout_basic, grunt_ministairs_12, ashenzari_altar_1
D:3:      layout_loops_ring, nicolae_qazlal_general_emergency

Skill      XL: |  1  2 |
---------------+-------+-----
Long Blades    | 3 |  3.2
Dodging        | 3 |  3.1
Fighting       | |  2.4
Short Blades   | |  0.3
Throwing       | |  1.9
Armour         | |  0.6
Stealth        | |  0.4

Action                   || total
-------------------------++-------
Melee: Long sword        ||    32
       Short sword       ||    77
  Use: Scroll            ||     6
Armor: Leather armour    ||    28
       Chain mail        ||    15
Dodge: Dodged            ||    81
       Rpst.: Long sword ||    13
